 Dungeon Crawl Stone Soup version 0.29.1 (webtiles) character file.

Game seed: 18214561694617072853

2244 foggy the Basher (level 9, -2/79 HPs)
             Began as a Minotaur Fighter on Sept 13, 2022.
             Was a Follower of Makhleb.
             Succumbed to Duvessa's poison
             ... on level 7 of the Dungeon.
             The game lasted 00:14:02 (7204 turns).

foggy the Basher (Minotaur Fighter)                 Turns: 7204, Time: 00:14:03

Health: -2/79      AC:  8    Str: 24    XL:     9   Next: 14%
Magic:  8/8        EV: 25    Int:  5    God:    Makhleb [*.....]
Gold:   117        SH:  5    Dex: 11    Spells: 8/8 levels left

rFire   . . .      SeeInvis .   a - +0 flail
rCold   . . .      Faith    .   c - +0 buckler
rNeg    . . .      Spirit   .   b - +0 scale mail
rPois   .          Reflect  .   (helmet restricted)
rElec   .          Harm     .   t - scarf {repulsion}
rCorr   .          Rampage  .   (no gloves)
Will    .....                   (no boots)
Stlth   ..........              q - amulet of the acrobat
HPRegen 0.23/turn               (no ring)
MPRegen 0.11/turn               (no ring)

@: lethally poisoned (-2 -> -15), acrobatic, repel missiles
A: horns 2, retaliatory headbutt
a: Renounce Religion


You were on level 7 of the Dungeon.
You worshipped Makhleb.
Makhleb was aware of your devotion.
You visited 1 branch of the dungeon, and saw 7 of its levels.

You collected 285 gold pieces.
You spent 168 gold pieces at shops.

Inventory:

Hand Weapons
 a - a +0 flail (weapon)
Armour
 b - a +0 scale mail (worn)
 c - a +0 buckler (worn)
 e - a +0 plate armour
 t - a scarf of repulsion (worn)
Jewellery
 h - a ring of wizardry
 n - a ring of magical power
 q - an amulet of the acrobat (around neck)
Wands
 u - a wand of flame (34)
Scrolls
 f - a scroll of teleportation
 i - a scroll of torment {unknown}
 k - 2 scrolls of identify
 l - 4 scrolls of amnesia
 s - a scroll of magic mapping
Potions
 d - a potion of might
 g - 3 potions of brilliance
 j - 2 potions of haste
 m - a potion of flight {unknown}
 o - a potion of lignification {unknown}
 p - a potion of berserk rage {unknown}
 r - a potion of attraction {unknown}


   Skills:
 + Level 7.0 Fighting
 + Level 9.3 Maces & Flails
 + Level 8.2 Armour
 + Level 3.3 Dodging
 + Level 1.5 Stealth
 + Level 5.6 Shields


You had 8 spell levels left.
You didn't know any spells.
Your spell library contained the following spells:

 Spells                   Type           Power      Damage    Failure   Level
 Sting                    Tmut/Pois      0%         1d3       83%         1
 Poisonous Vapours        Pois/Air       0%         N/A       92%         2
 Static Discharge         Conj/Air       0%         3-3/arc   92%         2
 Olgreb's Toxic Radiance  Pois           0%         N/A       100%        4
 Lightning Bolt           Conj/Air       0%         1d11      100%        5
 Maxwell's Capacitive Co  Air            0%         ∞         100%        8


Dungeon Overview and Level Annotations

Branches:
Dungeon (7/15)             Temple (0/1) D:7

Altars:
Makhleb
Nemelex Xobeh
Vehumet
Zin

Shops:
D:5 *   D:7 (

Annotations:
D:7 Dowan, Duvessa


Innate Abilities, Weirdness & Mutations

You have a pair of horns on your head.
You reflexively headbutt those who attack you in melee.


Message History

You are more poisoned.
An orc comes into view. It is wielding a +0 short sword.
The orc wizard casts a spell.
The orc wizard flickers and vanishes!
Deactivating autopickup; reactivate with Ctrl-A.
You hit Duvessa but do no damage. You headbutt Duvessa.
Duvessa is lightly wounded.
You feel very sick.
Duvessa hits you with a +2 rapier of venom.
You are more poisoned.
You completely miss Duvessa.
Duvessa is lightly wounded.
You feel extremely sick.
Duvessa hits you with a +2 rapier of venom.
You are lethally poisoned!
An orc comes into view. It is wielding a +0 club.
Something hits you. Something hits you but does no damage.
You feel extremely sick.
As you read the scroll of teleportation, it crumbles to dust.
You feel strangely unstable.
* * * LOW HITPOINT WARNING * * *
You feel very sick.
Duvessa hits you with a +2 rapier of venom.
* * * LOW HITPOINT WARNING * * *
You are more poisoned.
Something hits you but does no damage.
* * * LOW HITPOINT WARNING * * *
You feel very sick. Something hits you but does no damage.
Dowan casts a spell at you.
The puff of frost hits something!
* * * LOW HITPOINT WARNING * * *
You feel very sick. Something completely misses you.
Duvessa attacks as you move away! You block Duvessa's attack.
* * * LOW HITPOINT WARNING * * *
You feel very sick.
Your surroundings suddenly seem different.
You die...

##.#...#.#.....# #
#.##...##..##### #.#
##.......#.# ##.##
######..#....#.#
##...######
#............#.#
#..........
#.#####.∩.####.#
#....#.#### #....# #.#
#.##.#.#... #.#.##
#.######.##.#...⌠8 #...#
#@..........#.....
###)###########.##...>.⌠8
#........)....##.......
################.....⌠8
#####... ##.### ##...##
##.....# #.......


There were no monsters in sight!

Vanquished Creatures
  Pikel (D:7)
  A wyvern (D:7)
  2 water moccasins (D:6)
  An orc warrior (D:7)
  3 ice beasts (D:6)
  An ogre (D:7)
  A black bear (D:5)
  A centaur (D:7)
  2 lemures (D:7)
  A gnoll sergeant (D:7)
  2 scorpions
  4 orc priests
  A hound (D:6)
  3 jellies
  5 orc wizards
  Robin (D:2)
  10 gnolls
  8 adders
  2 shadow imps
  A worm (D:2)
  4 dart slugs
  20 orcs
  2 bats
  2 giant cockroaches (D:1)
  17 goblins
  7 hobgoblins
  7 jackals
  2 ball pythons
  2 frilled lizards
  7 kobolds
  2 quokka zombies (D:6)
  6 rats
129 creatures vanquished.

Vanquished Creatures (others)
  2 plants (D:1)
2 creatures vanquished.

Grand Total: 131 creatures vanquished

Notes
Turn   | Place    | Note
-------+----------+-------------------------------------------
     0 | D:1      | foggy the Minotaur Fighter began the quest for the Orb.
     0 | D:1      | Reached XP level 1. HP: 19/19 MP: 0/0
   208 | D:1      | Reached XP level 2. HP: 26/27 MP: 1/1
   857 | D:2      | Noticed Robin
   862 | D:2      | Reached skill level 3 in Maces & Flails
   869 | D:2      | Killed Robin
   870 | D:2      | Reached XP level 3. HP: 25/33 MP: 2/2
  1604 | D:3      | Found a sparkling altar of Nemelex Xobeh.
  1718 | D:3      | Reached XP level 4. HP: 40/40 MP: 3/3
  1727 | D:3      | Reached skill level 4 in Maces & Flails
  2018 | D:3      | Reached XP level 5. HP: 45/46 MP: 4/4
  2448 | D:4      | Reached skill level 5 in Armour
  2624 | D:4      | Reached skill level 5 in Maces & Flails
  2654 | D:4      | Reached skill level 1 in Dodging
  2654 | D:4      | Reached XP level 6. HP: 20/53 MP: 5/5
  3017 | D:4      | Found a glowing silver altar of Zin.
  3717 | D:5      | Entered Level 5 of the Dungeon
  3810 | D:5      | Reached skill level 5 in Fighting
  3812 | D:5      | Found a burning altar of Makhleb.
  3838 | D:5      | Became a worshipper of Makhleb the Destroyer
  3903 | D:5      | Found Nioridal's Assorted Antiques.
  3928 | D:5      | Reached XP level 7. HP: 57/61 MP: 6/6
  4158 | D:6      | Reached skill level 6 in Maces & Flails
  4908 | D:6      | Found a sand-covered staircase.
  4937 | D:6      | Reached skill level 1 in Stealth
  4937 | D:6      | Reached skill level 5 in Shields
  4942 | D:6      | Reached skill level 7 in Maces & Flails
  5070 | D:6      | Reached XP level 8. HP: 34/69 MP: 7/7
  5716 | D:5      | Bought a runed scarf for 168 gold pieces
  5776 | D:7      | Noticed Pikel
  6131 | D:7      | HP: 3/70 [gnoll sergeant/+0 vorpal spear (3)]
  6139 | D:7      | Noticed a hornet
  6625 | D:7      | Found a staircase to the Ecumenical Temple.
  6626 | D:7      | Noticed Dowan
  6627 | D:7      | Noticed Duvessa
  6832 | D:7      | Found a radiant altar of Vehumet.
  6861 | D:7      | Reached skill level 8 in Maces & Flails
  6956 | D:7      | Found Qokhloth's Weapon Shoppe.
  7068 | D:7      | Killed Pikel
  7068 | D:7      | Reached * piety under Makhleb
  7069 | D:7      | Reached skill level 9 in Maces & Flails
  7069 | D:7      | Reached XP level 9. HP: 58/78 MP: 8/8
  7203 | D:7      | HP: 1/79 [poisoned by Duvessa]
  7204 | D:7      | Succumbed to Duvessa's poison

Illustrated notes

Levels and vault maps discovered:
D:1:      spicycebolla_arrival_clurvy, layout_basic
D:2:      layout_rooms, minmay_misc_feat_ornament, uniq_robin
D:3:      layout_loops_ring, nemelex_spade_bored_becter
D:4:      layout_basic, lemuel_coloured_pillars_altar
D:5:      layout_cave_pools, amcnicky_altar_gilded, serial_shops,
          nicolae_take_the_stairs
D:6:      layout_loops_corners, enter_ossuary_4
D:7:      layout_loops_ring, mainiacjoe_overflow_catwalk,
          minmay_temple_entry_drinking_statues, serial_shops,
          nicolae_shop_stone, uniq_pikel, uniq_duvessa

Skill      XL: |  1  2  3  4  5  6  7  8  9 |
---------------+----------------------------+-----
Shields        | 4 5 |  5.6
Armour         | 4 5 6 8 |  8.2
Maces & Flails | 3 4 5 7 9 |  9.3
Fighting       | 4 5 6 7 |  7.0
Dodging        | 1 2 3 |  3.3
Stealth        | 1 |  1.5

Action                   |  1- 3 |  4- 6 |  7- 9 || total
-------------------------+-------+-------+-------++-------
Melee: Flail             |    96 |   133 |   163 ||   392
       Headbutt          |     7 |    18 |    31 ||    56
  Use: Scroll            |     1 |     4 |     7 ||    12
       Potion            |       |       |     3 ||     3
Armor: Scale mail        |    38 |    78 |    47 ||   163
Dodge: Dodged            |    45 |    59 |    93 ||   197
       Repelled          |       |       |     4 ||     4
Block: Buckler           |    27 |    27 |    36 ||    90
